 Dungeon Crawl Stone Soup version 0.28-a0-664-gc179e30c89 (webtiles) character file.

Game seed: 4028549422925492655

60 RepHenryClay the Conjurer (level 4, -2/36 HPs)
             Began as a Tengu Conjurer on Oct 16, 2021.
             Slain by an adder (3 damage)
             ... on level 2 of the Dungeon.
             The game lasted 00:03:21 (1018 turns).

RepHenryClay the Conjurer (Tengu Conjurer)          Turns: 1018, Time: 00:03:22

Health: -2/36      AC:  2    Str:  7    XL:     4   Next: 4%
Magic:  1/8        EV: 12    Int: 20    God:
Gold:   30         SH:  0    Dex: 12    Spells: 4/7 levels left

rFire   . . .      SeeInvis .   (no weapon)
rCold   . . .      Faith    .   (no shield)
rNeg    . . .      Spirit   .   a - +0 robe
rPois   .          Reflect  .   (helmet restricted)
rElec   .          Harm     .   (no cloak)
rCorr   .          Rampage  .   (no gloves)
Will    .....                   (boots unavailable)
Stlth   ..........              (no amulet)
HPRegen 0.12/turn               (no ring)
MPRegen 0.11/turn               (no ring)

@: berserking, lethally poisoned (-2 -> -5), very quick
A: beak, talons 3
a: no special abilities


You were on level 2 of the Dungeon.
You visited 1 branch of the dungeon, and saw 2 of its levels.

You collected 30 gold pieces.

Inventory:

Armour
 a - a +0 robe (worn)
Scrolls
 c - 2 scrolls of fog {unknown}
 f - a scroll of identify {unknown}
Potions
 b - 2 potions of berserk rage
 d - 2 potions of brilliance {unknown}
 e - a potion of ambrosia {unknown}


   Skills:
 - Level 2.1 Dodging
 - Level 2.0 Stealth
 - Level 2.0 Spellcasting
 + Level 7.3 Conjurations


You had 4 spell levels left.
You knew the following spells:

 Your Spells              Type           Power      Damage    Failure   Level
a - Magic Dart            Conj           100%       1d8       1%          1
b - Searing Ray           Conj           62%        2d6       1%          2

Your spell library contained the following spells:

 Spells                   Type           Power      Damage    Failure   Level
 Dazzling Flash           Conj/Hex       32%        N/A       11%         3
 Fulminant Prism          Conj/Hex       8%         3d7       34%         4
 Iskenderun's Mystic Bla  Conj/Tloc      16%        2d5       34%         4


Dungeon Overview and Level Annotations

Branches:
Dungeon (2/15)

Altars:


Innate Abilities, Weirdness & Mutations

You have a beak for a mouth.
You have claws for feet.


Message History

You kill the adder!
You feel sick.
You are no longer poisoned.
Unknown command.
It was a potion of berserk rage.
A red film seems to cover your vision as you go berserk!
You feel yourself moving faster!
You feel mighty!
A rat comes into view.
You closely miss the orc. Your kick misses the orc. The orc closely misses you.
You punch the orc!
You kill the orc!
You have reached level 4!
You feel clever.
You closely miss the orc. You claw the orc!
You kill the orc!
You hit the adder.
The adder is moderately wounded.
You hit the adder.
The adder is heavily wounded.
The adder barely misses you.
You miss the adder. Your kick misses the adder.
The adder is heavily wounded.
The adder bites you.
* * * LOW HITPOINT WARNING * * *
Huge Dmg: -3%(-1hp) hp: 9%(3hp)
You closely miss the adder.
The adder is heavily wounded.
The adder closely misses you.
You miss the adder.
The adder is heavily wounded.
The adder bites you.
* * * LOW HITPOINT WARNING * * *
You are lethally poisoned!
The adder poisons you!
Huge Dmg: -3%(-1hp) hp: 6%(2hp)
You hit the adder.
The adder is almost dead.
* * * LOW HITPOINT WARNING * * *
You feel sick. The adder bites you.
You die...

#.# # #.# #
...##.######.#####.#######
#...roS@.................
......###.##..#.##.##.####
....# #.##....##.##.####
... #.##(......#...#.. .
#.##...†.....#....
#.......####...#..
#..###### ##.#.## #..##
#..## ######...# #.#.##


You could see an adder, an orc and a rat.

Vanquished Creatures
  2 adders (D:2)
  A dart slug (D:1)
  2 orcs (D:2)
  4 bats (D:1)
  3 endoplasms (D:1)
  3 giant cockroaches (D:1)
  A goblin (D:1)
  3 hobgoblins
  6 jackals
  5 ball pythons (D:1)
  A frilled lizard (D:2)
  2 kobolds (D:1)
  3 rats (D:1)
36 creatures vanquished.

Notes
Turn   | Place    | Note
-------+----------+-------------------------------------------
     0 | D:1      | RepHenryClay the Tengu Conjurer began the quest for the
                  | Orb.
     0 | D:1      | Reached XP level 1. HP: 10/10 MP: 4/4
   118 | D:1      | Reached XP level 2. HP: 15/15 MP: 4/6
   147 | D:1      | Reached skill level 6 in Conjurations
   195 | D:1      | Learned a level 2 spell: Searing Ray
   286 | D:1      | Found a faded altar of an unknown god.
   453 | D:1      | Reached XP level 3. HP: 19/19 MP: 4/7
   973 | D:2      | Reached skill level 7 in Conjurations
  1012 | D:2      | Reached XP level 4. HP: 4/24 MP: 0/8
  1018 | D:2      | HP: 1/36 [poisoned by an adder]
  1018 | D:2      | Slain by an adder

Illustrated notes

Levels and vault maps discovered:
D:1:      dpeg_arrival_renting, layout_rooms, shapermc_ecumenical_altar_pompeii
D:2:      layout_loops_ring, serial_glass, glass_columns_a, glass_columns_b,
          glass_columns_c, serial_shops, shop, minmay_misc_feat_enclosed

Skill      XL: |  1  2  3 |
---------------+----------+-----
Conjurations   | 6 7 |  7.3
Dodging        | |  2.1
Stealth        | |  2.0
Spellcasting   | |  2.0

Action                   |  1- 3 |  4- 6 || total
-------------------------+-------+-------++-------
Melee: Unarmed           |    11 |     7 ||    18
       Kick              |     1 |     1 ||     2
       Peck              |     1 |       ||     1
 Cast: Magic Dart        |    42 |       ||    42
       Searing Ray       |     2 |       ||     2
  Use: Potion            |     1 |       ||     1
Armor: Robe              |     2 |       ||     2
Dodge: Dodged            |    15 |     2 ||    17

Table legend: (Time is in decaauts)
 A = Elapsed time spent in this place.
 B = Non-inter-level travel time spent in this place.
 C = Inter-level travel time spent in this place.
 D = Time resting spent in this place.
 E = Time spent auto-exploring this place.
 F = Levels seen in this place.
 G = Mean time per level.
                   A        B        C        D        E       F      G
               +--------+--------+--------+--------+--------+-----+--------+
         Total |   1015 |    959 |     56 |    124 |    691 |   2 |  507.5 |
       Dungeon |   1015 |    959 |     56 |    124 |    691 |   2 |  507.5 |
               +--------+--------+--------+--------+--------+-----+--------+

Top non-repeatable levels by time:
     D:1: 860 daAuts
     D:2: 155 daAuts
